 Dungeon Crawl Stone Soup version 0.27-a0-1149-g4505690ab0 (webtiles) character file.

Game seed: 6457194359536358074

121 pokeman the Magician (level 4, -1/25 HPs)
             Began as a Deep Elf Hedge Wizard on May 12, 2021.
             Killed from afar by an orc wizard (7 damage)
             ... with a magic dart
             ... on level 3 of the Dungeon on May 13, 2021.
             The game lasted 00:04:49 (3571 turns).

pokeman the Magician (Deep Elf Hedge Wizard)        Turns: 3571, Time: 00:04:49

Health: -1/25      AC:  3    Str:  7    XL:     4   Next: 77%
Magic:  1/13       EV: 16    Int: 20    God:
Gold:   112        SH:  0    Dex: 14    Spells: 3/14 levels left

rFire    . . .     SeeInvis .   g - +1 dagger (venom)
rCold    . . .     Faith    .   (no shield)
rNeg     . . .     Spirit   .   l - +0 leather armour
rPois    .         Reflect  .   c - +0 hat
rElec    .         Harm     .   (no cloak)
rCorr    .         Rampage  .   (no gloves)
Will     .....                  (no boots)
Stlth    ++........             (no amulet)
HPRegen  0.08/turn              k - +4 ring of evasion
MPRegen  0.13/turn              (no ring)

@: very slightly contaminated
A: no striking features
a: no special abilities


You were on level 3 of the Dungeon.
You visited 1 branch of the dungeon, and saw 3 of its levels.

You collected 112 gold pieces.

Inventory:

Hand Weapons
 g - a +1 dagger of venom (weapon)
Armour
 c - a +0 hat (worn)
 l - a +0 leather armour (worn)
Jewellery
 k - a +4 ring of evasion (left hand)
Scrolls
 a - a scroll of blinking {unknown}
 h - a scroll of noise {unknown}
 i - a scroll of enchant armour {unknown}
 j - a scroll of teleportation {unknown}
 m - a scroll of brand weapon {unknown}
 n - a scroll of fear {unknown}
Potions
 b - a potion of resistance {unknown}
 d - a potion of lignification {unknown}
 e - a potion of flight {unknown}
 f - 3 potions of curing {unknown}
 o - a potion of attraction {unknown}


   Skills:
 - Level 1.0 Fighting
 - Level 1.0 Armour
 + Level 2.9 Dodging
 - Level 2.4 Stealth
 * Level 5.8 Spellcasting
 + Level 2.4 Conjurations
 - Level 1.1 Summonings
 - Level 1.1 Translocations
 + Level 1.1 Fire Magic


You had 3 spell levels left.
You knew the following spells:

 Your Spells              Type           Power      Damage    Failure   Level
a - Magic Dart            Conj           60%        1d6       6%          1
b - Mephitic Cloud        Conj/Pois/Air  9%         N/A       32%         3
c - Call Imp              Summ           10%        N/A       16%         2
d - Blink                 Tloc           N/A        N/A       16%         2
e - Conjure Flame         Conj/Fire      13%        6-21      22%         3

Your spell library contained the following spells:

 Spells                   Type           Power      Damage    Failure   Level
 Slow                     Hex            5%         N/A       24%         2


Dungeon Overview and Level Annotations

Branches:
Dungeon (3/15)

Altars:
Ashenzari


Message History

The orc is moderately wounded.
The orc hits you with a +0 short sword.
* * * LOW HITPOINT WARNING * * *
You kill the orc!
Casting: Mephitic Cloud (extremely dangerous; 32% risk of failure)
Confirm with . or Enter, or press ? or * to list all spells.
A beastly little devil appears in a puff of frigid air.
You swap places.
Your magical contamination has completely faded away.
You start resting.
You hear some strange, mumbled words.
A puff of flame appears from out of thin air!
The puff of flame hits your white imp!
Your white imp is burned terribly!
Something barely misses your white imp. What are your orders? t - Shout!
Orders for allies: a - Attack new target. r - Retreat! s - Stop attacking. g - Guard the area. f - Follow me.
Anything else - Cancel.
Okay, then.
Unknown command.
Casting: Call Imp (safe; 16% risk of failure)
Confirm with . or Enter, or press ? or * to list all spells.
You miscast Call Imp.
You are very lightly contaminated with residual magic.
Nothing appears to happen.
Casting: Call Imp (safe; 16% risk of failure)
Confirm with . or Enter, or press ? or * to list all spells.
A beastly little devil appears in a puff of flame.
Your crimson imp says, "You called?"
Something completely misses your white imp.
Casting: Call Imp (safe; 16% risk of failure)
Confirm with . or Enter, or press ? or * to list all spells.
You don't have enough magic to cast this spell.
You hear some strange, mumbled words.
A magic dart appears from out of thin air!
The magic dart hits you!
You die...

...# ....# ⌠.⌠..
######### ......
#.......# ....⌠.#
#.......#
.>)....####..5....#
#))..........# .
#######{5.....# .
####...###.@.....#
.#####.#......).......#
......................#
.#####.#.#####........#
.........#.# #........#
####.#.#...# #........#
####.#.#.#†###.########
.....#.#....<#.#
.....#.#######.#


You could see a friendly crimson imp (summoned) and a friendly white imp
(summoned).

Vanquished Creatures
  An orc wizard (D:3)
  3 adders
  A worm (D:2)
  2 dart slugs
  7 orcs (D:3)
  4 ball pythons
  6 endoplasms
  A giant cockroach (D:1)
  2 goblins
  6 hobgoblins
  2 jackals (D:1)
  A quokka (D:3)
  6 bats
  3 frilled lizards
  5 kobolds
  9 rats
59 creatures vanquished.

Vanquished Creatures (others)
  4 plants (D:2)
4 creatures vanquished.

Grand Total: 63 creatures vanquished

Notes
Turn   | Place    | Note
-------+----------+-------------------------------------------
     0 | D:1      | pokeman the Deep Elf Hedge Wizard began the quest for the
                  | Orb.
     0 | D:1      | Reached XP level 1. HP: 10/10 MP: 7/7
   419 | D:1      | Reached XP level 2. HP: 12/16 MP: 0/9
   850 | D:1      | Found a faded altar of an unknown god.
  1130 | D:1      | Reached skill level 5 in Spellcasting
  1422 | D:2      | Reached XP level 3. HP: 16/20 MP: 4/11
  1426 | D:2      | Learned a level 3 spell: Mephitic Cloud
  1429 | D:2      | Learned a level 2 spell: Call Imp
  1432 | D:2      | Learned a level 2 spell: Blink
  1436 | D:2      | Learned a level 3 spell: Conjure Flame
  2159 | D:2      | Reached skill level 1 in Armour
  2272 | D:2      | Reached skill level 1 in Fighting
  2641 | D:3      | Found a broken altar of Ashenzari.
  2907 | D:3      | Reached XP level 4. HP: 25/25 MP: 4/13
  3231 | D:3      | Reached skill level 1 in Fire Magic
  3571 | D:3      | Killed from afar by an orc wizard

Illustrated notes

Levels and vault maps discovered:
D:1:      scummos_arrival_simple_fountains, layout_basic,
          chequers_ecumenical_altar_simple_redux
D:2:      layout_loops_corners, serial_forest, infiniplex_forest_corner_1,
          infiniplex_forest_clump_long, infiniplex_forest_corner_1,
          infiniplex_forest_clump_double, infiniplex_forest_clump_C,
          infiniplex_forest_end_double, infiniplex_forest_lined_2,
          infiniplex_forest_straight_2, infiniplex_forest_clump_tiny
D:3:      wad_pebble_path, layout_basic, ashenzari_conservatory_becter,
          chequers_decorated_corner, grunt_ministairs_9

Skill      XL: |  1  2  3  4 |
---------------+-------------+-----
Spellcasting   | 5 |  5.8
Conjurations   | 2 |  2.4
Armour         | 1 |  1.0
Fighting       | 1 |  1.0
Fire Magic     | 1 |  1.1
Dodging        | |  2.9
Stealth        | |  2.4
Summonings     | |  1.1
Translocations | |  1.1

Action                   |  1- 3 |  4- 6 || total
-------------------------+-------+-------++-------
Melee: Dagger            |    19 |    28 ||    47
 Cast: Magic Dart        |   103 |    25 ||   128
       Mephitic Cloud    |       |     2 ||     2
       Call Imp          |       |     2 ||     2
 Stab: Sleeping          |     1 |       ||     1
       Confused          |       |     1 ||     1
Armor: Robe              |     4 |       ||     4
       Leather armour    |       |     1 ||     1
Dodge: Dodged            |    22 |    18 ||    40

Table legend: (Time is in decaauts)
 A = Elapsed time spent in this place.
 B = Non-inter-level travel time spent in this place.
 C = Inter-level travel time spent in this place.
 D = Time resting spent in this place.
 E = Time spent auto-exploring this place.
 F = Levels seen in this place.
 G = Mean time per level.
                   A        B        C        D        E       F      G
               +--------+--------+--------+--------+--------+-----+--------+
         Total |   3569 |   3542 |     27 |     89 |   3112 |   3 | 1189.7 |
       Dungeon |   3569 |   3542 |     27 |     89 |   3112 |   3 | 1189.7 |
               +--------+--------+--------+--------+--------+-----+--------+

Top non-repeatable levels by time:
     D:1: 1313 daAuts
     D:2: 1312 daAuts
     D:3: 943 daAuts
